 Dungeon Crawl Stone Soup version 0.21.0-25-ge575cb9 (webtiles) character file.

662 pomescollege the Chopper (level 7, -3/51 HPs)
             Began as a Halfling Fighter on Jan 23, 2018.
             Slain by an ogre
             ... wielding a +0 giant club
              (18 damage)
             ... on level 4 of the Dungeon.
             The game lasted 00:09:23 (3152 turns).

pomescollege the Chopper (Halfling Fighter)         Turns: 3152, Time: 00:09:23

Health: -3/51      AC:  9    Str: 19    XL:     7   Next: 87%
Magic:  7/7        EV:  8    Int:  6    God:
Gold:   230        SH:  9    Dex: 14    Spells: 6/6 levels left

rFire    . . .     SeeInvis .   a - +0 war axe
rCold    . . .     Gourm    .   c - +0 shield
rNeg     . . .     Faith    .   b - +0 scale mail
rPois    .         Spirit   .   (no helmet)
rElec    .         Reflect  .   v - +0 cloak
rCorr    .         Harm     .   (no gloves)
MR       .....                  h - +0 pair of boots
Stlth    ..........             (no amulet)
HPRegen  0.17/turn              e - +1 ring of protection
MPRegen  0.10/turn              s - ring of flight

@: drained, invisible
A: small, mutation resistance 1
a: Evoke Flight


You were on level 4 of the Dungeon.
You were not hungry.

You visited 1 branch of the dungeon, and saw 4 of its levels.
You also visited: Ossuary.

You collected 230 gold pieces.

Inventory:

Hand Weapons
 a - a +0 war axe (weapon)
 y - a +0 hunting sling of flaming
Armour
 b - a +0 scale mail (worn)
 c - a +0 shield (worn)
 h - a +0 pair of boots (worn)
 u - the +18 shield of the Gong {rElec rN+ MR+ EV-5}
   (You found it on level 4 of the Dungeon)

   It affects your evasion (-5).
   It insulates you from electricity.
   It protects you from negative energy.
   It affects your resistance to hostile enchantments.
 v - a +0 cloak (worn)
Jewellery
 e - a +1 ring of protection (left hand)
 l - an uncursed ring of fire
 n - an uncursed ring of protection from fire
 s - a ring of flight (right hand)
Wands
 t - a wand of paralysis (11)
 C - a wand of random effects (24)
Scrolls
 g - 5 scrolls of teleportation
 i - 5 scrolls of remove curse
 x - 2 scrolls of magic mapping {unknown}
Potions
 d - a potion of might
 k - a potion of berserk rage {unknown}
 m - a potion of resistance {unknown}
 o - 3 potions of brilliance
 p - 2 potions of heal wounds {unknown}
 q - 3 potions of curing {unknown}
 r - a potion of cancellation {unknown}
 w - a potion of degeneration {unknown}
 z - a potion of ambrosia {unknown}
 A - a potion of invisibility
 B - a potion of lignification {unknown}
Books
 j - a book of Misfortune

   Spells                             Type                      Level
   a - Confusing Touch                Hexes                        1
   b - Confuse                        Hexes                        3
   c - Gell's Gravitas                Translocation                3
   d - Petrify                        Transmutation/Earth          4
   e - Metabolic Englaciation         Hexes/Ice                    5
   f - Yara's Violent Unravelling     Hexes/Transmutation          5
Comestibles
 f - 6 rations


   Skills:
 + Level 5.8(4.9) Fighting
 + Level 5.9(5.0) Axes
 - Level 3.2(2.4) Armour
 - Level 3.2(2.4) Shields


You had 6 spell levels left.
You didn't know any spells.

Dungeon Overview and Level Annotations

Branches:
Dungeon (4/15)
 Temple: D:4-7

Altars:
Okawaru
Trog
Xom


Innate Abilities, Weirdness & Mutations

You are small and have problems with some larger weapons.
You are somewhat resistant to further mutation.


Message History

The ogre is severely wounded.
Evoke which item? (* to show all) (? for menu, Esc to quit)
Aiming: Random Effects
Press: ? - help, Shift-Dir - straight line, f/p - ogre
Aim: an ogre, wielding a giant club (severely wounded)
The ogre flickers and vanishes!
Deactivating autopickup; reactivate with Ctrl-A.
Evoke which item? (* to show all) (? for menu, Esc to quit)
Aiming: Random Effects
Press: ? - help, Shift-Dir - straight line Nothing appears to happen.
Something hits you!! Something hits you!
Evoke which item? (* to show all) (? for menu, Esc to quit)
Aiming: Paralyse
Press: ? - help, Shift-Dir - straight line Nothing appears to happen.
Something hits you.
* * * LOW HITPOINT WARNING * * *
You fade into invisibility!
Something hits you!!
You die...

#####'#'###
#.'...'.# #.
###...### #.#
#.'...'.# #.#
#'#'#'#'# #.#
#.#.#.#.# ##.##
########## #
#...#####...#.####.#
#..............@{..#
#...#####...#.###..#
##........>....# ..#
...##.......#### ..#
#####.#######
..############# #.#
............... #.#
............... #.#
..############# #.#


There were no monsters in sight!

Vanquished Creatures
  A bullfrog (D:4)
  An elf zombie (D:4)
  An elf skeleton (D:4)
  A scorpion (D:4)
  A hound (D:4)
  A human zombie (Ossuary)
  2 orc priests (D:3)
  An orc wizard (D:3)
  A human skeleton (D:4)
  A hound skeleton (D:4)
  3 mummies (Ossuary)
  6 adders
  A shadow imp (D:4)
  An ooze (D:1)
  3 adder zombies (Ossuary)
  3 worms (D:3)
  A dart slug (D:1)
  2 leopard geckos
  14 orcs
  2 giant cockroaches
  A gnoll zombie (Ossuary)
  7 goblins
  6 hobgoblins
  3 jackals (D:1)
  3 quokkas
  A ball python (D:1)
  11 bats
  3 frilled lizards (D:3)
  4 goblin zombies (Ossuary)
  4 hobgoblin zombies (Ossuary)
  A jackal skeleton (D:4)
  9 kobolds
  A kobold zombie (Ossuary)
  3 orc skeletons (D:4)
  3 quokka zombies (Ossuary)
  14 rats
  A rat zombie (Ossuary)
122 creatures vanquished.

Notes
Turn   | Place    | Note
-------+----------+-------------------------------------------
     0 | D:1      | pomescollege the Halfling Fighter began the quest for the Orb.
     0 | D:1      | Reached XP level 1. HP: 15/15 MP: 1/1
    14 | D:1      | Reached XP level 2. HP: 14/20 MP: 2/2
   186 | D:1      | Reached XP level 3. HP: 16/26 MP: 3/3
   831 | D:2      | Reached XP level 4. HP: 27/31 MP: 4/4
  1015 | D:2      | Found a bloodstained altar of Trog.
  1016 | D:2      | Found an iron altar of Okawaru.
  1381 | D:3      | Reached XP level 5. HP: 31/37 MP: 5/5
  1620 | D:3      | Reached XP level 6. HP: 32/44 MP: 6/6
  2028 | D:4      | Noticed an ogre
  2145 | D:4      | Found the +18 shield of the Gong {rElec rN+ MR+ EV-5}
  2352 | D:4      | Reached skill level 5 in Fighting
  2380 | D:4      | Reached skill level 5 in Axes
  2380 | D:4      | Reached XP level 7. HP: 23/50 MP: 7/7
  2547 | D:4      | Found a sand-covered staircase.
  2552 | Ossuary  | Entered an ossuary
  2950 | D:4      | Found a shimmering altar of Xom.
  2976 | D:4      | Noticed Edmund
  3152 | D:4      | Slain by an ogre

Skill      XL: |  1  2  3  4  5  6 |
---------------+-------------------+-----
Fighting       | 3 4 5 |  5.8
Axes           | 3 4 5 |  5.9
Armour         | |  3.2
Shields        | |  3.2

Action                   |  1- 3 |  4- 6 |  7- 9 || total
-------------------------+-------+-------+-------++-------
Melee: War axe           |    98 |   194 |    98 ||   390
Evoke: Wand              |       |       |     6 ||     6
  Use: Scroll            |       |     4 |     2 ||     6
       Potion            |       |       |     3 ||     3
  Eat: Chunk             |       |     5 |       ||     5
       Ration            |       |       |     1 ||     1
Armor: Scale mail        |    45 |    74 |    36 ||   155
Dodge: Dodged            |    49 |    71 |    26 ||   146
Block: Shield            |    71 |    99 |    39 ||   209
